 Dungeon Sprint DCSS version 0.17-a0-1701-gf693a3f (webtiles) character file.

1100000 ztt the Severer (level 13, -7/88 HPs)
             Began as a Gargoyle Gladiator on Aug 21, 2015.
             Was an Initiate of Makhleb.
             Mangled by a bag of meat
             ... wielding a +9 war axe
              (38 damage)
             ... in the Dungeon (Sprint VIII: "Arena of Blood").
             The game lasted 00:00:21 (11 turns).

ztt the Severer (Gargoyle Gladiator)                  Turns: 11, Time: 00:00:22

Health: -7/88      AC: 13    Str: 22    XL:     13   Next: 28%
Magic:  13/13      EV: 19    Int: 11    God:    Makhleb [......]
Gold:   0          SH:  0    Dex: 10    Spells: 0 memorised, 12 levels left

rFire  . . .     SeeInvis .     l - +∞ Axe of Woe
rCold  . . .     Clarity  .     b - +0 leather armour
rNeg   + . .     SustAt   .     (no shield)
rPois  ∞         Gourm    .     c - +0 helmet
rElec  +         Spirit   .     (no cloak)
rCorr  .         Warding  .     (no gloves)
rMut   .         NoTele   +     (no boots)
MR     .....                    (no amulet)
Stlth  +.........               (no ring)
                                (no ring)

@: not resistant to hostile enchantments, very unstealthy
A: negative energy resistance 1, electricity resistance, unbreathing,
petrification resistance, rot immunity, AC +9
a: Renounce Religion


You were in the Dungeon.
You worshipped Makhleb.
Makhleb was noncommittal.
You were not hungry.

You visited 1 branch

Inventory:

Hand weapons
 a - a +0 war axe
 l - the +∞ Axe of Woe (weapon)
   (You found it in the Dungeon)
Missiles
 d - 3 throwing nets (quivered)
Armour
 b - a +0 leather armour (worn)
 c - a +0 helmet (worn)
Scrolls
 k - a scroll of blinking
Potions
 f - a potion of curing
 g - a potion of heal wounds
 h - a potion of haste
 i - 2 potions of magic
 j - a potion of berserk rage
Comestibles
 e - a bread ration


   Skills:
 + Level 13.3 Fighting
 + Level 18.9 Axes
 + Level 11.4 Throwing
 + Level 17.5 Dodging


You had 12 spell levels left.
You didn't know any spells.

Dungeon Overview and Level Annotations

Branches:
Dungeon (1/1)

Altars:
Makhleb


Innate Abilities, Weirdness & Mutations

You are resistant to torment.
Your stone body is resilient (AC +9).
You are immune to poison.
You resist negative energy.
You are resistant to electric shocks.
You can survive without breathing.
You are immune to petrification.
You are immune to rotting.


Message History

You have reached level 8!
You feel clever.
You have reached level 9!
Your experience leads to an increase in your attributes!
Increase (S)trength, (I)ntelligence, or (D)exterity?
You feel stronger.
You have reached level 10!
You have reached level 11!
You have reached level 12!
Your experience leads to an increase in your attributes!
Increase (S)trength, (I)ntelligence, or (D)exterity?
You feel stronger.
You feel clever.
You have reached level 13!
The meat berserker moves out of view.
You hear a shout! x9
The bag of meat appears out of thin air!
A bag of meat comes into view. It is wielding a +9 war axe.
You hear a shout! x2
The bag of meat hits you with a +9 war axe!!!
You die...

.. .. .. .. #.
.# #.. ..#
.###.. ..###.
......###o.....
.......@)......
....#..o..#....
. #_.<._# .
#...oO#
....._.....
......###o.....
.###.. ..###.
#.. ..# #.. ..#


You could see a meat berserker (berserk) and 4 bags of meat.

Vanquished Creatures
  An ogre (D)
1 creature vanquished.

Notes
Turn   | Place    | Note
--------------------------------------------------------------
     0 | D        | ztt the Gargoyle Gladiator began the quest for the Orb.
     0 | D        | Reached XP level 1. HP: 12/12 MP: 1/1
     4 | D        | Became a worshipper of Makhleb the Destroyer
     6 | D        | Noticed a bag of meat
     7 | D        | Noticed a meat berserker
     9 | D        | Noticed a bag of meat
    11 | D        | Noticed a meat berserker
    11 | D        | Noticed a bag of meat
    11 | D        | Killed a meat berserker
    11 | D        | Reached skill level 13 in Fighting
    11 | D        | Reached skill level 18 in Axes
    11 | D        | Reached XP level 2. HP: 14/32 MP: 2/2
    11 | D        | Reached XP level 3. HP: 15/36 MP: 3/3
    11 | D        | Reached XP level 4. HP: 17/42 MP: 4/4
    11 | D        | Reached XP level 5. HP: 19/47 MP: 5/5
    11 | D        | Reached XP level 6. HP: 21/52 MP: 6/6
    11 | D        | Reached XP level 7. HP: 23/57 MP: 7/7
    11 | D        | Reached XP level 8. HP: 25/63 MP: 8/8
    11 | D        | Reached XP level 9. HP: 26/68 MP: 9/9
    11 | D        | Reached XP level 10. HP: 27/73 MP: 10/10
    11 | D        | Reached XP level 11. HP: 28/78 MP: 11/11
    11 | D        | Reached XP level 12. HP: 30/84 MP: 12/12
    11 | D        | Reached XP level 13. HP: 31/88 MP: 13/13
    11 | D        | Mangled by a bag of meat

Vault maps used:
D:        meatsprint

Action                   |  1- 3 |  4- 6 |  7- 9 | 10-12 | 13-15 || total
-------------------------+-------+-------+-------+-------+-------++-------
Melee: Executioner's axe |     1 |       |       |       |       ||     1
